 Dungeon Crawl Stone Soup version 0.27.1-33-g824d729ab1 (webtiles) character file.

Game seed: 8218234572487603574

200 halfoni the Chopper (level 6, -2/47 HPs)
             Began as a Human Berserker on Dec 18, 2021.
             Was a Believer of Trog.
             Slain by a black bear (10 damage)
             ... on level 3 of the Dungeon.
             The game lasted 00:08:38 (4524 turns).

halfoni the Chopper (Human Berserker)               Turns: 4524, Time: 00:08:38

Health: -2/47      AC:  7    Str: 20    XL:     6   Next: 7%
Magic:  6/6        EV:  6    Int:  7    God:    Trog [**....]
Gold:   55         SH: 13    Dex: 12    Spells: 5/5 levels left

rFire    . . .     SeeInvis .   a - +0 hand axe
rCold    . . .     Faith    .   e - +0 tower shield
rNeg     . . .     Spirit   .   f - +0 scale mail
rPois    .         Reflect  .   (no helmet)
rElec    .         Harm     .   (no cloak)
rCorr    .         Rampage  .   k - +0 pair of gloves
Will     .....                  (no boots)
Stlth    ..........             (no amulet)
HPRegen  0.15/turn              (no ring)
MPRegen  0.10/turn              (no ring)

@: on berserk cooldown, slowed, very slow
A: no striking features
a: Renounce Religion, Berserk, Trog's Hand


You were on level 3 of the Dungeon.
You worshipped Trog.
Trog was pleased with you.
You visited 1 branch of the dungeon, and saw 4 of its levels.

You collected 55 gold pieces.

Inventory:

Hand Weapons
 a - a +0 hand axe (weapon)
Armour
 e - a +0 tower shield (worn)
 f - a +0 scale mail (worn)
 k - a +0 pair of gloves (worn)
Jewellery
 l - a ring of fire
Scrolls
 b - 2 scrolls of identify {unknown}
 c - a scroll of silence {unknown}
 d - a scroll of holy word {unknown}
 h - a scroll of enchant armour {unknown}
 m - a scroll of fog {unknown}
 r - a scroll of vulnerability {unknown}
 s - a scroll of magic mapping {unknown}
Potions
 g - 3 potions of heal wounds {unknown}
 i - a potion of mutation {unknown}
 j - a potion of haste {unknown}
 n - a potion of curing {unknown}
 o - 2 potions of lignification {unknown}
 p - a potion of degeneration {unknown}
 q - a potion of might {unknown}


   Skills:
 + Level 3.6 Fighting
 + Level 4.1 Axes
 * Level 3.1 Armour
 + Level 2.4 Dodging
 * Level 2.6 Shields


You had 5 spell levels left.
You didn't know any spells.
Your spell library was empty.

Dungeon Overview and Level Annotations

Branches:
Dungeon (4/15)
 Temple: D:4-7

Altars:
Wu Jian


Message History

The black bear is severely wounded.
The black bear bites you! You block the black bear's attack. x4
The black bear claws you but does no damage.
Your shield and scale mail prevent you from hitting the black bear.
The black bear is severely wounded.
The black bear bites you! You block the black bear's attack.
The black bear claws you but does no damage.
Your shield and scale mail prevent you from hitting the black bear.
The black bear is severely wounded.
The black bear bites you. You block the black bear's attack.
The black bear claws you. You block the black bear's attack.
The black bear claws you but does no damage.
The black bear claws you.
You closely miss the black bear.
The black bear is severely wounded.
You are no longer berserk.
You are exhausted.
You feel yourself slow down. The black bear barely misses you.
You block the black bear's attack. The black bear barely misses you.
You block the black bear's attack. x2
The black bear claws you but does no damage.
Your library has no spells.
The black bear barely misses you. You block the black bear's attack.
The black bear closely misses you. The black bear bites you.
The black bear claws you but does no damage. x2
You climb upwards.
There is a stone staircase leading down here.
You block the black bear's attack.
The black bear claws you but does no damage.
The black bear claws you. The black bear bites you!
* * * LOW HITPOINT WARNING * * *
You block the black bear's attack.
The black bear claws you but does no damage.
Okay, then.
The black bear rages.
You block the black bear's attack. x2
The black bear claws you but does no damage.
The black bear bites you!
You die...

..................#
###.####....
..................#
#......#....
..................#
#....#.#....
...............#..#
#....#.#....
..............##..#
#....#......
.............###.>#
#....###....
............## ##.#
###### ##...
#..........######h#######
#.##
#.####..........@.......#
#.#
....##..................#
#.#
....##..................#
#.#
....#...................#
#.#
....#...........#########
#.# #####...........#
#.## #####.###########
#... ...........# ####
###........#


You could see a black bear (berserk).

Vanquished Creatures
  An orc wizard (D:3)
  8 gnolls (D:3)
  2 adders
  A worm (D:2)
  2 dart slugs
  5 orcs (D:3)
  5 endoplasms
  A giant cockroach (D:1)
  6 goblins
  6 hobgoblins
  5 jackals
  A quokka (D:2)
  9 ball pythons
  5 bats
  2 frilled lizards
  2 kobolds
  10 rats
71 creatures vanquished.

Notes
Turn   | Place    | Note
-------+----------+-------------------------------------------
     0 | D:1      | halfoni the Human Berserker began the quest for the Orb.
     0 | D:1      | Reached XP level 1. HP: 18/18 MP: 1/1
    44 | D:1      | Found a faded altar of an unknown god.
    49 | D:1      | Reached XP level 2. HP: 24/24 MP: 2/2
   934 | D:1      | Reached XP level 3. HP: 29/29 MP: 3/3
  1938 | D:2      | Reached ** piety under Trog
  2111 | D:2      | Reached skill level 1 in Shields
  2119 | D:2      | You fall into a shaft and drop 1 floor!
  2260 | D:3      | Reached XP level 4. HP: 35/35 MP: 4/4
  2292 | D:3      | Found an ornate altar of the Wu Jian Council.
  2645 | D:2      | Reached XP level 5. HP: 40/41 MP: 5/5
  3648 | D:3      | Reached skill level 4 in Axes
  4107 | D:3      | Reached XP level 6. HP: 47/47 MP: 6/6
  4482 | D:4      | Noticed a black bear
  4524 | D:3      | Slain by a black bear

Illustrated notes

Levels and vault maps discovered:
D:1:      sevenhm_arrival_forest_fort_small_3, layout_loops_cross,
          shapermc_ecumenical_altar_totnotflames, st_stairs_6
D:2:      layout_basic, serial_curves, eino_curves_04, eino_curves_04
D:3:      layout_basic, mainiacjoe_overflow_alcove_1, feat_on_display
D:4:      layout_cave_pools, nicolae_sif_muna_condensation, minmay_between,
          uniq_ijyb

Skill      XL: |  1  2  3  4  5 |
---------------+----------------+-----
Shields        | 1 2 |  2.6
Axes           | 4 |  4.1
Armour         | 3 |  3.1
Fighting       | |  3.6
Dodging        | |  2.4

Action                   |  1- 3 |  4- 6 || total
-------------------------+-------+-------++-------
Melee: Hand axe          |    98 |   157 ||   255
Invok: Berserk           |     3 |     4 ||     7
Armor: Animal skin       |    11 |       ||    11
       Scale mail        |    32 |    84 ||   116
Dodge: Dodged            |    35 |    30 ||    65
Block: Tower shield      |    45 |   130 ||   175
